 Dungeon Crawl Stone Soup version 0.31.0-11-ge490571c62 (webtiles) character file.

Game seed: 2030511172571161660

2 browni3141 the Firebug (level 1, 0/13 HPs)
             Began as a Demonspawn Fire Elementalist on Jan 30, 2024.
             Slain by a hobgoblin (3 damage)
             ... on level 1 of the Dungeon.
             The game lasted 00:00:11 (48 turns).

browni3141 the Firebug (Demonspawn Fire Elementalist) Turns: 48, Time: 00:00:12

Health: 0/13       AC:  2    Str:  8    XL:     1   Next: 33%
Magic:  0/3        EV: 12    Int: 15    God:
Gold:   0          SH:  0    Dex: 13    Spells: 3/4 levels left

rFire   . . .        (no weapon)
rCold   . . .        (no shield)
rNeg    . . .        a - +0 robe
rPois   .            (no helmet)
rElec   .            (no cloak)
rCorr   .            (no gloves)
SInv    .            (no boots)
Will    .....        (no amulet)
Stlth   ++           (no ring)
HPRegen 0.22/turn    (no ring)
MPRegen 0.08/turn

%: no passive effects
@: very slightly contaminated
A: no striking features
a: no special abilities


You were on level 1 of the Dungeon.
You visited 1 branch of the dungeon, and saw 1 of its levels.

Inventory:

Armour
 a - a +0 robe (worn)
Potions
 b - a potion of magic


   Skills:
 + Level 1.8 Dodging
 + Level 1.8 Stealth
 + Level 2.0 Spellcasting
 + Level 1.0 Conjurations
 + Level 2.7 Fire Magic


You had 3 spell levels left.
You knew the following spells:

 Your Spells              Type           Power      Damage    Failure   Level
a - Foxfire               Conj/Fire      28%        2x1d5     10%         1

Your spell library contained the following spells:

 Spells                   Type           Power      Damage    Failure   Level
 Scorch                   Fire           18%        2d5       11%         2
 Inner Flame              Hex/Fire       5%         N/A       36%         3
 Volatile Blastmotes      Fire/Tloc      10%        2d10      36%         3
 Flame Wave               Conj/Fire      7%         2d5       69%         4


Dungeon Overview and Level Annotations

Branches:
Dungeon (1/15)

Altars:


Message History

Welcome, browni3141 the Demonspawn Fire Elementalist.
If you return without finding the Orb of Zot, so far below, it's all over!
Press ? for a list of commands and other information.
Found a staircase leading out of the dungeon.
Setting a skill training target for Axes at 18.0.
Setting a skill training target for Invocations at 14.0.
Setting a skill training target for Throwing at 11.0.
Found an escape hatch in the floor.
You enter the shallow water.
Moving in this stuff is going to be slow.
You open the door.
There is an open door here. 2 jackals come into view.
There are monsters nearby!
There are monsters nearby!
You conjure some foxfire!
The foxfire hits the jackal.
The jackal is moderately wounded.
You conjure some foxfire!
Your foxfire dissipates!
The foxfire hits the jackal.
You kill the jackal!
The foxfire hits the jackal.
The jackal is almost dead.
You hear a shout!
A jackal comes into view.
A hobgoblin comes into view.
The jackal barks!
The jackal bites you but does no damage.
Unknown command.
The jackal bites you but does no damage.
The jackal attacks as it pursues you! The jackal closely misses you.
The jackal bites you but does no damage.
The jackal misses you. The jackal attacks as it pursues you!
The jackal bites you.
You miscast Foxfire.
You are very lightly contaminated with residual magic.
Nothing appears to happen.
The jackal barely misses you. The jackal misses you. The jackal bites you.
You conjure some foxfire!
The jackal bites you. x2
The foxfire hits the jackal but does no damage.
The jackal is almost dead.
The foxfire hits the jackal.
You kill the jackal!
You hit the hobgoblin but do no damage. The hobgoblin closely misses you.
You hit the hobgoblin but do no damage. The hobgoblin hits you.
You closely miss the hobgoblin. The hobgoblin hits you.
You closely miss the hobgoblin. The hobgoblin hits you.
You die...

#.#.#># ..
#♣.....♣#####....
#~♣...♣≈#.$.h....
#≈~♣.♣≈≈#.###....
#≈≈♣.♣≈≈#.# .
##≈♣.♣≈##.#
###'####h#
#.####g# #.....@#
######.# #.# #.#
#.# ..# #.# #.#


You could see a jackal and a hobgoblin.

Vanquished Creatures
  2 jackals (D:1)
2 creatures vanquished.

Vanquished Creatures (others)
  5 foxfires (D:1)
5 creatures vanquished.

Grand Total: 7 creatures vanquished

Notes
Turn   | Place    | Note
-------+----------+-------------------------------------------
     0 | D:1      | browni3141 the Demonspawn Fire Elementalist began the quest
                  | for the Orb.
     0 | D:1      | Reached XP level 1. HP: 13/13 MP: 3/3
    48 | D:1      | Slain by a hobgoblin

Illustrated notes

Levels and vault maps discovered:
D:1:      saegor_arrival_simple_d, layout_basic,
          dreamdust_ecumenical_altar_hidden_monk_grotto, hangedman_glass_teeth

Action                     || total
---------------------------++-------
  Melee: Unarmed           ||     4
   Cast: Foxfire           ||     3
 Armour: Robe              ||    10
  Dodge: Dodged            ||     5
